AoeStats
← Cool Dog

Pilgrims

510181939Analyzed
4v4 RM · 3d ago on Sep 29, 2026· 50m 33s· 8 players
Game mode
Random Map
Map size
Large (8 player)
Population
200
Speed
Normal
Resources
Standard
Victory
Conquest
Starting age
Dark Age
Ending age
Imperial Age
RankedLock teamsTeams togetherTeam positionsShared explorationLock speedFull tech treeHidden civsTurbo modeCheats
Victory
Defeat
🇩🇪 Danes · Germany
1154
+16
🇩🇪 Varangians · Germany
1153
+16
🇺🇸 Cumans · United States
1146
+16
🇲🇽 Persians · Mexico
1137
+16
🇩🇪 Vietnamese · Germany
1155
-17
🇸🇪 Danes · Sweden
1155
-16
🇸🇪 Byzantines · Sweden
1144
-16
🇩🇪 Celts · Germany
1124
-15
Dany Sahne
5:53 Loom
12:00 Feudal Age
12:40 Double-Bit Axe
19:09 Castle Age
17:03 Horse Collar
17:47 Forging
17:38 Scale Mail Armor
17:29 Man-at-Arms
18:29 Arson
25:26 Wheelbarrow
24:23 Long Swordsman
28:15 Hand Cart
28:35 Town Watch
Panzarx
4:35 Loom
13:19 Feudal Age
14:36 Double-Bit Axe
15:41 Fletching
15:59 Horse Collar
16:21 Padded Archer Armor
18:05 Wheelbarrow
23:03 Castle Age
23:04 Crossbowman
23:41 Bodkin Arrow
24:01 Leather Archer Armor
25:08 Bow Saw
27:51 Ballistics
30:17 Heavy Plow
31:53 Thumb Ring
32:20 Hand Cart
33:01 Scale Mail Armor
33:12 Forging
32:42 Pikeman
33:29 Squires
33:58 Town Watch
34:35 Chain Mail Armor
34:13 Gold Mining
34:19 Elite Skirmisher
35:20 Stone Mining
Murkeldjuret. ®
4:50 Loom
12:00 Feudal Age
13:22 Double-Bit Axe
16:13 Castle Age
14:25 Fletching
16:50 Bodkin Arrow
17:55 Bow Saw
26:57 Arson
28:03 Forging
27:54 Scale Mail Armor
27:56 Squires
33:46 Imperial Age
34:43 Elite Skirmisher
35:25 Horse Collar
36:32 Conscription
35:39 Elite Jomsviking
37:04 Iron Casting
36:36 Imperial Skirmisher
37:24 Bracer
37:41 Chain Mail Armor
39:02 Thumb Ring
41:11 Wheelbarrow
40:57 Padded Archer Armor
41:57 Blast Furnace
41:30 Plate Mail Armor
41:27 Heavy Plow
41:21 Gold Mining
41:21 Stone Mining
43:14 Ballistics
43:56 Chemistry
43:53 Cranequins
43:54 Heavy Mounted Crossbowman
44:53 Leather Archer Armor
47:19 Husbandry
47:29 Bloodlines
Murmeldjuret. ®
4:35 Loom
11:50 Feudal Age
16:21 Castle Age
22:05 Medium Warships
23:47 Horse Collar
30:23 Forging
30:20 Scale Barding Armor
30:15 Scale Mail Armor
35:10 Iron Casting
34:51 Chain Mail Armor
34:00 Pikeman
38:42 Imperial Age
38:19 Chain Barding Armor
39:20 Halberdier
39:27 Elite Cataphract
40:59 Plate Barding Armor
40:56 Plate Mail Armor
40:39 Elite Varangian Guard
44:55 Fletching
45:06 Padded Archer Armor
47:59 Logistica
Dabbler
11:07 Feudal Age
11:36 Loom
15:09 Castle Age
13:02 Double-Bit Axe
16:28 Horse Collar
18:36 Bow Saw
23:37 Wheelbarrow
26:00 Scale Barding Armor
30:57 Imperial Age
29:49 Heavy Plow
30:56 Forging
32:38 Chain Barding Armor
32:30 Bloodlines
32:21 Husbandry
32:39 Elite Jarl
33:42 Gothikon
35:13 Plate Barding Armor
36:49 Iron Casting
41:09 Blast Furnace
43:30 Hand Cart
45:49 Fletching
50:25 Bodkin Arrow
51:13 Ballistics
Cool Dog
12:29 Feudal Age
16:47 Double-Bit Axe
19:14 Castle Age
18:30 Fletching
20:26 Husbandry
20:42 Bodkin Arrow
21:44 Horse Collar
22:30 Padded Archer Armor
24:43 Heated Shot
25:30 Ballistics
30:18 Wheelbarrow
31:24 Hand Cart
32:49 Bow Saw
36:45 Imperial Age
35:01 Stone Mining
35:22 Heavy Plow
35:32 Scale Mail Armor
36:44 Forging
36:50 Chain Mail Armor
37:15 Stone Shaft Mining
38:02 Iron Casting
38:02 Plate Mail Armor
37:31 Fishing Lines
40:43 Blast Furnace
40:21 Gillnets
41:14 Conscription
40:56 Elite Jomsviking
48:27 Hamask
El Fantasma de Pancho Villa
7:57 Loom
13:34 Feudal Age
13:42 Man-at-Arms
14:52 Scale Mail Armor
18:44 Forging
21:57 Wheelbarrow
26:40 Castle Age
25:13 Gold Mining
25:23 Horse Collar
27:06 Double-Bit Axe
27:50 Heavy Plow
29:21 Hand Cart
Thorin Escudo de Roble
4:22 Loom
13:22 Feudal Age
20:16 Castle Age
21:08 Horse Collar
21:17 Double-Bit Axe
25:33 Wheelbarrow
25:14 Crossbowman
28:25 Bow Saw
27:40 Elite Skirmisher
29:09 Town Watch
35:22 Fletching
35:33 Padded Archer Armor
36:26 Bodkin Arrow
36:49 Hand Cart
40:58 Imperial Age
39:47 Leather Archer Armor
40:37 Scale Barding Armor
40:48 Leather Archer Armor
40:44 Forging
41:18 Scale Mail Armor
42:29 Citadels
41:54 Elite War Elephant
43:47 Kamandaran
44:20 Ring Archer Armor
44:26 Iron Casting
45:45 Thumb Ring
48:11 Chemistry
47:33 Ballistics
48:16 Chain Barding Armor
49:45 Plate Barding Armor
50:10 Blast Furnace
Connection lost

Rejoining the realm…

Still unreachable

The connection could not be restored.

Session expired

The server has moved on; the page needs a fresh start.